 Dungeon Crawl Stone Soup version 0.30.1-11-g7821555f0a (webtiles) character file.

Game seed: 8347471117952369689

1614 Derak the Cleaver (level 8, 0/93 (102) HPs)
             Began as a Minotaur Berserker on Dec 13, 2023.
             Was an Elder of Trog.
             Slain by a wight
             ... wielding a +4 flail of freezing
              (2 damage)
             ... on level 6 of the Dungeon.
             The game lasted 00:21:49 (5321 turns).

Derak the Cleaver (Minotaur Berserker)              Turns: 5321, Time: 00:21:50

HP:   0/93 (102)    AC:  8    Str: 23    XL:     8   Next: 64%
MP:   7/7           EV:  9    Int:  4    God:    Trog [****..]
Gold: 412           SH:  8    Dex: 11    Spells: 7/7 levels left

rFire   . . .        G - +2 war axe (heavy)
rCold   . . .        z - +0 kite shield
rNeg    . . .        d - +0 scale mail
rPois   .            (helmet restricted)
rElec   .            h - +0 cloak
rCorr   .            q - +0 pair of gloves
SInv    .            (no boots)
Will    +....        x - amulet of faith Stlth
                     t - ring of willpower
HPRegen 0.35/turn    (no ring)
MPRegen 0.10/turn

%: faith
@: berserking, drained, very quick
A: horns 2, retaliatory headbutt
a: Renounce Religion, Berserk, Trog's Hand, Brothers in Arms


You were on level 6 of the Dungeon.
You worshipped Trog.
Trog was greatly pleased with you.
You visited 1 branch of the dungeon, and saw 6 of its levels.

You collected 412 gold pieces.

Inventory:

Hand Weapons
 a - a +0 hand axe
 c - a +2 short sword of venom
 k - a +0 war axe
 B - a +1 flail of protection
 G - a +2 heavy war axe (weapon)
Missiles
 H - a throwing net (quivered)
Armour
 b - a +0 plate armour
 d - a +0 scale mail (worn)
 h - a +0 cloak (worn)
 o - a scarf of shadows
 q - a +0 pair of gloves (worn)
 z - a +0 kite shield (worn)
Jewellery
 t - a ring of willpower (left hand)
 x - an amulet of faith (around neck)
Wands
 l - a wand of roots (5)
 y - a wand of paralysis (22)
 C - a wand of flame (23)
 E - a wand of mindburst (4)
Scrolls
 f - 8 scrolls of identify {unknown}
 i - 2 scrolls of enchant weapon {unknown}
 j - 3 scrolls of teleportation {unknown}
 r - a scroll of enchant armour {unknown}
 s - 2 scrolls of fear {unknown}
 u - 2 scrolls of fog {unknown}
 A - a scroll of amnesia {unknown}
 D - a scroll of magic mapping {unknown}
 F - a scroll of butterflies {unknown}
Potions
 e - 6 potions of curing {unknown}
 g - a potion of flight {unknown}
 m - 2 potions of mutation {unknown}
 n - 2 potions of haste {unknown}
 p - a potion of invisibility {unknown}
 v - 2 potions of attraction {unknown}
 w - 2 potions of lignification {unknown}


   Skills:
 + Level 5.3 Fighting
 - Level 4.8 Short Blades
 + Level 11.1 Axes
 - Level 2.4 Armour
 - Level 2.2 Dodging
 + Level 3.6 Shields


You had 7 spell levels left.
You didn't know any spells.
Your spell library was empty.

Dungeon Overview and Level Annotations

Branches:
Dungeon (6/15)
 Temple: D:4-7

Altars:
Qazlal
Wu Jian


Innate Abilities, Weirdness & Mutations

You have a pair of horns on your head.
You reflexively headbutt those who attack you in melee.


Message History

You block the wight's attack. The wight hits you with a +0 battleaxe.
* * * LOW HITPOINT WARNING * * *
You feel drained.
* * * LOW HITPOINT WARNING * * *
The wight attacks as you move away! The wight closely misses you.
You furiously retaliate!
You headbutt the wight. You slash the wight!
You headbutt the wight, but do no damage.
The wight is almost destroyed.
You completely miss the wight.
The wight is almost destroyed.
You slash the wight!
You destroy the wight!
Trog accepts your kill. The wight completely misses you.
You block the wight's attack. The wight hits you with a +0 dagger.
* * * LOW HITPOINT WARNING * * *
You closely miss the wight. You hit the wight but do no damage.
The wight hits you with a +0 falchion.
* * * LOW HITPOINT WARNING * * *
The wight closely misses you. You furiously retaliate!
You headbutt the wight! You slash the wight!
The wight is heavily damaged.
You hit the wight. You closely miss the wight. The wight completely misses you.
The wight hits you with a +0 dagger.
* * * LOW HITPOINT WARNING * * *
You feel drained.
The wight hits you with a +4 flail of freezing.
* * * LOW HITPOINT WARNING * * *
You feel drained. The wight freezes you.
* * * LOW HITPOINT WARNING * * *
A red film seems to cover your vision as you go berserk!
You feel yourself moving faster!
You feel mighty! The wight hits you but does no damage.
The wight barely misses you.
The wight hits you with a +4 flail of freezing!
* * * LOW HITPOINT WARNING * * *
You feel drained.
* * * LOW HITPOINT WARNING * * *
The wight freezes you.
You die...

.....#.# #.##..#.##....
#....#.#######.##..#.##.#..
..........................
##.##..................
#.##.#######........#.
.###.#...######..#.#####.
.........)..z............
.###.#.zz######..#######.
...#.z@# #..# #. ###...†.#
#..# #. #.....# #..# #.
#....## #..# #.
#....########.#######.
#.....................
#...!#######..######..
#....# #..........##..
#..))......##..


You could see 3 wights.

Vanquished Creatures
  Grinder (D:5)
  A sky beast (D:6)
  2 black bears
  A scorpion (D:4)
  2 wights (D:6)
  2 hounds (D:5)
  7 orc priests
  A gnoll bouda (D:5)
  2 jellies
  2 sleepcaps
  4 iguanas
  Natasha (thrice) (D:3)
  5 orc wizards
  Robin (D:2)
  7 gnolls
  6 adders
  A shadow imp (D:5)
  2 white imps
  2 ufetubi
  3 worms
  A dart slug (D:2)
  21 orcs
  5 bats
  7 endoplasms
  6 giant cockroaches
  10 goblins
  6 hobgoblins
  4 jackals (D:2)
  2 quokkas (D:3)
  6 ball pythons
  4 frilled lizards
  9 kobolds
  8 rats
144 creatures vanquished.

Notes
Turn   | Place    | Note
-------+----------+-------------------------------------------
     0 | D:1      | Derak the Minotaur Berserker began the quest for the Orb.
     0 | D:1      | Reached XP level 1. HP: 19/19 MP: 0/0
   150 | D:1      | Reached skill level 4 in Axes
   201 | D:1      | Reached XP level 2. HP: 13/26 MP: 1/1
   589 | D:1      | Reached skill level 1 in Short Blades
  1005 | D:2      | Reached XP level 3. HP: 31/31 MP: 2/2
  1009 | D:2      | Noticed Robin
  1020 | D:2      | Killed Robin
  1020 | D:2      | Reached ** piety under Trog
  1206 | D:2      | Found a faded altar of an unknown god.
  1274 | D:2      | Reached XP level 4. HP: 37/39 MP: 3/3
  1333 | D:2      | Reached XP level 5. HP: 19/45 MP: 4/4
  1335 | D:2      | Found an ornate altar of the Wu Jian Council.
  1874 | D:3      | Noticed Natasha
  1883 | D:3      | Killed Natasha
  1883 | D:3      | Reached *** piety under Trog
  1884 | D:3      | Reached skill level 5 in Axes
  2023 | D:3      | Noticed Natasha
  2028 | D:3      | Killed Natasha
  2100 | D:3      | Noticed Natasha
  2103 | D:3      | Killed Natasha
  2232 | D:3      | Reached XP level 6. HP: 50/51 MP: 5/5
  2381 | D:3      | Reached skill level 6 in Axes
  2580 | D:4      | Reached skill level 7 in Axes
  3434 | D:5      | Entered Level 5 of the Dungeon
  3483 | D:5      | Reached XP level 7. HP: 22/57 MP: 6/6
  3486 | D:5      | Reached skill level 8 in Axes
  3693 | D:5      | Reached **** piety under Trog
  3706 | D:5      | Reached skill level 9 in Axes
  3792 | D:5      | Noticed Grinder
  3914 | D:5      | Killed Grinder
  3915 | D:5      | Reached skill level 10 in Axes
  3915 | D:5      | Reached XP level 8. HP: 35/64 MP: 7/7
  4535 | D:6      | Reached skill level 1 in Shields
  5105 | D:6      | Found a stormy altar of Qazlal.
  5295 | D:6      | Reached skill level 5 in Fighting
  5295 | D:6      | Reached skill level 11 in Axes
  5321 | D:6      | HP: 3/96 [wight/+4 flail of freezing (8)]
  5321 | D:6      | Slain by a wight

Illustrated notes

Levels and vault maps discovered:
D:1:      minmay_arrival_split_and_join, layout_rooms, lexackson_kobold_supper
D:2:      layout_rooms, shapermc_ecumenical_altar_mp_highgroup, basic_altar,
          uniq_robin
D:3:      layout_rooms, hex_intersection, uniq_natasha
D:4:      layout_basic
D:5:      layout_rooms, chequers_serial_rivers_micro_b, uniq_grinder
D:6:      layout_basic, kennysheep_mini_moat, serial_glass, glass_columns_b,
          glass_columns_a, glass_columns_c, glass_columns_b, st_stairs_7

Skill      XL: |  1  2  3  4  5  6  7  8 |
---------------+-------------------------+-----
Axes           | 4 5 7 10 11 | 11.1
Short Blades   | 1 3 4 |  4.8
Shields        | 3 |  3.6
Fighting       | 5 |  5.3
Armour         | |  2.4
Dodging        | |  2.2

Action                     |  1- 3 |  4- 6 |  7- 9 || total
---------------------------+-------+-------+-------++-------
  Melee: Hand axe          |    27 |       |       ||    27
         Headbutt          |    12 |    13 |    19 ||    44
         Short sword       |    70 |    13 |       ||    83
         War axe           |       |    76 |   137 ||   213
         Punch             |       |     1 |       ||     1
 Invoke: Berserk           |       |       |     1 ||     1
   Stab: Sleeping          |     1 |       |       ||     1
 Armour: Animal skin       |     4 |       |       ||     4
         Scale mail        |    35 |    39 |    58 ||   132
  Dodge: Dodged            |    74 |    54 |    60 ||   188
  Block: Kite shield       |       |     6 |    46 ||    52
